 Dungeon Sprint DCSS version 0.20.1-1-g8b1a95d66d (webtiles) character file.

410 Jannitor the Blocker (level 7, -6/63 HPs)
             Began as a Formicid Fighter on Dec 13, 2017.
             Was an Initiate of Okawaru.
             Mangled by a slime creature (14 damage)
             ... in the Dungeon (Sprint I: "Red Sonja").
             The game lasted 00:01:20 (573 turns).

Jannitor the Blocker (Formicid Fighter)              Turns: 573, Time: 00:01:21

Health: -6/63      AC:  8    Str: 27    XL:     7   Next: 13%
Magic:  7/7        EV: 10    Int:  8    God:    Okawaru [......]
Gold:   162        SH: 12    Dex: 10    Spells: 6/6 levels left

rFire    . . .     SeeInvis +   a - +0 flail
rCold    . . .     Gourm    .   c - +0 shield
rNeg     . . .     Faith    .   b - +0 scale mail
rPois    .         Spirit   .   (helmet unavailable)
rElec    .         Reflect  .   (no cloak)
rCorr    .         Harm     .   (no gloves)
MR       .....                  (no boots)
Stlth    ..........             (no amulet)
Regen    0.2/turn               (no ring)
MPRegen  0.1/turn               (no ring)

@: mighty
A: permanent stasis, dig shafts and tunnels, four strong arms, antennae 3
a: Dig, Renounce Religion


You were in the Dungeon.
You worshipped Okawaru.
Okawaru was noncommittal.
You were not hungry.

You visited 1 branch You collected 162 gold pieces.

Inventory:

Hand Weapons
 a - a +0 flail (weapon)
Armour
 b - a +0 scale mail (worn)
 c - a +0 shield (worn)
Wands
 l - a wand of digging (14/24)
Scrolls
 k - a scroll of blinking
Potions
 e - a potion of curing
 h - a potion of haste
 i - 2 potions of magic
 j - a potion of berserk rage
Comestibles
 f - a bread ration


   Skills:
 + Level 8.5 Fighting
 + Level 7.4 Maces & Flails
 + Level 8.5 Armour
 + Level 9.2 Shields


You had 6 spell levels left.
You didn't know any spells.

Dungeon Overview and Level Annotations

Branches:
Dungeon (1/1)

Altars:
Cheibriados
Dithmenos
Elyvilon
Fedhas
Gozag
Hepliaklqana
Kikubaaqudgha
Makhleb
Nemelex Xobeh
Okawaru
Qazlal
Ru
Trog
Uskayaw
Xom
Yredelemnul
Zin
The Shining One
Jiyva
Lugonu

Shops:
D :


Innate Abilities, Weirdness & Mutations

You cannot be hasted, slowed, berserked, paralysed or teleported.
You can dig through walls and to a lower floor.
Your four strong arms can wield two-handed weapons with a shield.
You have a pair of large antennae on your head. (SInv)


Message History

The slime creature is moderately wounded.
The slime creature hits you!
You barely miss the slime creature.
The slime creature is moderately wounded.
The slime creature hits you!
* * * LOW HITPOINT WARNING * * *
Unknown command.
There is an open door here.
Things that are here:
a scythe; a robe
There is an open door, spattered with blood here.
There is an open door here.
Okay, then.
Evoke which item? (* to show all) (? for menu, Esc to quit)
Okay, then.
Unknown command.
Unknown command.
You feel very mighty all of a sudden. The slime creature hits you!
You die...

###################
#<.#..').#..'..#__#
#..[@J#..').#..'^.+
#..#####'#####+#__#
#..####..# ###
#..#__##÷# {
#..#_____##
#⌠⌠#_.∩...+ {
####_..__## {
#_____# #######


You could see a slime creature.

Vanquished Creatures
  Sigmund (D)
  A yak (D)
  An ogre (D)
  Ijyb (D)
4 creatures vanquished.

Notes
Turn   | Place    | Note
-------+----------+-------------------------------------------
     0 | D        | Jannitor the Formicid Fighter began the quest for the Orb.
     0 | D        | Reached XP level 1. HP: 18/18 MP: 1/1
     1 | D        | Noticed Ijyb
    25 | D        | Killed Ijyb
    25 | D        | Reached skill level 4 in Shields
    25 | D        | Reached XP level 2. HP: 21/26 MP: 2/2
    25 | D        | Reached XP level 3. HP: 25/31 MP: 3/3
    78 | D        | Noticed an ogre
    87 | D        | Killed an ogre
    87 | D        | Reached skill level 5 in Maces & Flails
    87 | D        | Reached skill level 6 in Shields
    87 | D        | Reached XP level 4. HP: 39/40 MP: 4/4
    87 | D        | Reached XP level 5. HP: 44/46 MP: 5/5
    95 | D        | Noticed Sigmund
   119 | D        | Killed Sigmund
   119 | D        | Reached skill level 8 in Shields
   119 | D        | Reached XP level 6. HP: 30/56 MP: 6/6
   269 | D        | Noticed a yak
   269 | D        | Found a stormy altar of Qazlal.
   269 | D        | Found a blossoming altar of Fedhas.
   269 | D        | Found Aneoth's Book Emporium.
   269 | D        | Found a hazy altar of Hepliaklqana.
   269 | D        | Found a hide-covered altar of Uskayaw.
   269 | D        | Found a sparkling altar of Nemelex Xobeh.
   269 | D        | Found an opulent altar of Gozag.
   269 | D        | Found a snail-covered altar of Cheibriados.
   269 | D        | Found a sacrificial altar of Ru.
   269 | D        | Found a shadowy altar of Dithmenos.
   285 | D        | Killed a yak
   285 | D        | Reached skill level 9 in Shields
   285 | D        | Reached XP level 7. HP: 14/63 MP: 7/7
   528 | D        | Found a bloodstained altar of Trog.
   528 | D        | Found an iron altar of Okawaru.
   528 | D        | Found a glowing golden altar of the Shining One.
   528 | D        | Found an ancient bone altar of Kikubaaqudgha.
   528 | D        | Found a basalt altar of Yredelemnul.
   529 | D        | Found a glowing silver altar of Zin.
   529 | D        | Found a white marble altar of Elyvilon.
   532 | D        | Became a worshipper of Warmaster Okawaru
   555 | D        | Found a burning altar of Makhleb.
   555 | D        | Found a viscous altar of Jiyva.
   555 | D        | Found a shimmering altar of Xom.
   555 | D        | Found a corrupted altar of Lugonu.
   555 | D        | Noticed a slime creature
   573 | D        | Mangled by a slime creature

Skill      XL: |  1  2  3  4  5  6 |
---------------+-------------------+-----
Fighting       | 4 6 7 8 |  8.5
Maces & Flails | 3 5 6 7 |  7.4
Armour         | 4 6 7 8 |  8.5
Shields        | 4 6 8 9 |  9.2

Action                   |  1- 3 |  4- 6 |  7- 9 || total
-------------------------+-------+-------+-------++-------
Melee: Flail             |    32 |    37 |     5 ||    74
Evoke: Wand              |       |     1 |       ||     1
  Use: Potion            |       |     1 |     1 ||     2
Armor: Scale mail        |    12 |     5 |       ||    17
Dodge: Dodged            |    12 |     7 |       ||    19
Block: Shield            |     9 |     8 |     1 ||    18
